 Dungeon Crawl Stone Soup version 0.13.1-20-gf50ca03 (webtiles) character file.

60 Nicoed the Caller (level 2, 0/19 HPs)
             Began as a Human Summoner on Dec 30, 2013.
             Slain by a kobold
             ... wielding a +2,+3 dwarven short sword
              (1 damage)
             ... on Level 1 of the Dungeon.
             The game lasted 00:06:46 (980 turns).

Nicoed the Caller (Human Summoner)                   Turns: 980, Time: 00:06:46

HP   0/19        AC  4     Str  8      XL: 2   Next: 80%
MP   0/4         EV 11     Int 15      God:
Gold 43          SH  0     Dex 13      Spells:  2 memorised,  0 levels left

Res.Fire  : . . .   See Invis. : .   (no weapon)
Res.Cold  : . . .   Warding    : .   g - +0 leather armour
Life Prot.: . . .   Conserve   : .   (no shield)
Res.Poison: .       Res.Corr.  : .   (no helmet)
Res.Elec. : .       Clarity    : .   (no cloak)
Sust.Abil.: + .     Spirit.Shd : .   (no gloves)
Res.Mut.  : .       Stasis     : .   e - +0 pair of elf boots
Res.Rott. : .       Flight     : .   (no amulet)
Saprovore : . . .                    (no ring)
                                     k - ring of sustain abilities {unknown}

@: not resistant to hostile enchantments, fairly stealthy
A: no striking features
a: no special abilities


You were on level 1 of the Dungeon.
You were not hungry.

You visited 1 branch of the dungeon, and saw 1 of its levels.

You collected 23 gold pieces.

Inventory:

Armour
 e - a +0 pair of elven boots (worn)
 g - a +0 leather armour (worn)
Scrolls
 d - 2 scrolls of enchant weapon II {unknown}
 f - a scroll of enchant armour {unknown}
 h - a scroll of identify {unknown}
 i - a scroll of blinking {unknown}
 j - a scroll of remove curse {unknown}
Jewellery
 k - a ring of sustain abilities (left hand) {unknown}
Potions
 a - a potion of agility {unknown}
Books
 b - a book of Callings

   Spells                             Type                      Level
   *Summon Small Mammal               Summoning                    1
   *Call Imp                          Summoning                    2
   Call Canine Familiar               Summoning                    3
   Summon Scorpions                   Summoning/Poison             4
   Summon Ice Beast                   Ice/Summoning                4


   Skills:
 + Level 0.2 Armour
 + Level 2.3 Dodging
 + Level 2.0 Stealth
 + Level 1.2 Spellcasting
 + Level 4.3 Summonings


You couldn't memorise any spells.
You knew the following spells:

 Your Spells              Type           Power        Failure   Level  Hunger
a - Summon Small Mammal   Summ           ##..         4%          1    ##.....
b - Call Imp              Summ           ##........   8%          2    ###....


Dungeon Overview and Level Annotations

Branches:
Dungeon (1/27)

Altars:


Message History

Your leather armour prevents you from hitting the kobold.
The kobold is heavily wounded.
The kobold closely misses you.
Your crimson imp barely misses the kobold.
You hit the kobold but do no damage.
The kobold is heavily wounded.
The kobold hits you but does no damage.
You hit the kobold but do no damage.
The kobold is heavily wounded.
The kobold hits you but does no damage.
Your crimson imp blinks!
You closely miss the kobold.
The kobold is heavily wounded.
The kobold hits you with a dwarven short sword.
* * * LOW HITPOINT WARNING * * *
You closely miss the kobold.
The kobold is heavily wounded.
Your shadow imp hits the kobold but does no damage.
The kobold hits you with a dwarven short sword.
You die...

.....# .# ##.#.##.# ###..# ##.#
#######....##.# ..# #...
..............# #.# #..
#######........ ..# #.. ##.######
### #.# #)# # ..# #.## ## #.# ###
#%# ##.#.#5# #.# #.. ..# #
##.#.#@# ##.# #+# ###.# #.###§K#
#..# # ....# ##.#.#5# #.## #
...## ##..#.# #.# # #### ##.#(#
#.# ##+# # ############.#.###
########... # #................#
#..'.'.'.<.
###.##########.#.#.####.######...
.....# #.#.#.......[#..##+#


You could see a kobold, a friendly crimson imp and a friendly shadow imp.

Vanquished Creatures
  A bat (D:1)
  A hobgoblin (D:1)
  A giant cockroach (D:1)
  A giant newt (D:1)
  A kobold (D:1)
  A rat (D:1)
6 creatures vanquished.

Vanquished Creatures (collateral kills)
  A giant gecko (D:1)
  A bat (D:1)
  A hobgoblin (D:1)
  8 kobolds (D:1)
  3 giant newts (D:1)
  2 goblins (D:1)
16 creatures vanquished.

Vanquished Creatures (others)
  A grey rat (D:1)
  2 bats (D:1)
  2 quokkas (D:1)
  7 rats (D:1)
12 creatures vanquished.

Grand Total: 34 creatures vanquished

Notes
Turn   | Place    | Note
--------------------------------------------------------------
     0 | D:1      | Nicoed, the Human Summoner, began the quest for the Orb.
     0 | D:1      | Reached XP level 1. HP: 13/13 MP: 3/3
   359 | D:1      | Reached XP level 2. HP: 10/19 MP: 0/4
   617 | D:1      | Learned a level 2 spell: Call Imp
   980 | D:1      | Slain by a kobold

Action                   || total
-------------------------++-------
Melee: Unarmed           ||    80
 Cast: Summon Small Mamm ||    26
       Call Imp          ||    13
